 Dungeon Crawl Stone Soup version 0.28.0-45-g0d030f2227 (webtiles) character file.

Game seed: 11304665182687497392

16645 sanboga the Cleaver (level 12, -10/78 HPs)
             Began as a Gargoyle Fighter on Apr 21, 2022.
             Was an Elder of Trog.
             Killed by divine providence
             ... invoked by an orc high priest
              (12 damage)
             ... on level 2 of the Orcish Mines.
             The game lasted 00:21:07 (11923 turns).

sanboga the Cleaver (Gargoyle Fighter)             Turns: 11923, Time: 00:21:08

Health: -10/78     AC: 30    Str: 24    XL:     12   Next: 39%
Magic:  12/12      EV:  7    Int: 10    God:    Trog [****..]
Gold:   839        SH:  6    Dex:  9    Spells: 11/11 levels left

rFire   . . .      SeeInvis .   a - +2 war axe (vamp)
rCold   . . .      Faith    .   c - +0 buckler
rNeg    + . .      Spirit   .   t - +0 plate armour
rPois   ∞          Reflect  .   H - +2 helmet
rElec   +          Harm     .   G - +1 cloak
rCorr   +          Rampage  .   x - +0 pair of gloves
Will    +....                   (no boots)
Stlth   ..........              E - amulet of regeneration
HPRegen 1.03/turn               u - ring of resist corrosion
MPRegen 0.13/turn               A - ring of willpower

@: on berserk cooldown, slowed, very slow
A: sickness immunity, AC +8, negative energy resistance 1, electricity
resistance, torment resistance 1, petrification resistance
a: Renounce Religion, Berserk, Trog's Hand, Brothers in Arms


You were on level 2 of the Orcish Mines.
You worshipped Trog.
Trog was greatly pleased with you.
You visited 3 branches of the dungeon, and saw 14 of its levels.

You collected 1041 gold pieces.
You spent 202 gold pieces at shops.

Inventory:

Hand Weapons
 a - a +2 vampiric war axe (weapon)
 b - a +3 war axe of draining
Armour
 c - a +0 buckler (worn)
 t - a +0 plate armour (worn)
 x - a +0 pair of gloves (worn)
 G - a +1 cloak (worn)
 H - a +2 helmet (worn)
Jewellery
 u - a ring of resist corrosion (left hand)
 y - a ring of ice
 A - a ring of willpower (right hand)
 E - an amulet of regeneration (around neck)
Wands
 m - a wand of acid (7)
 o - a wand of iceblast (1)
Scrolls
 d - a scroll of magic mapping {unknown}
 e - 3 scrolls of enchant armour {unknown}
 f - a scroll of enchant weapon {unknown}
 g - 7 scrolls of teleportation
 j - 3 scrolls of blinking
 k - 2 scrolls of identify
 n - a scroll of immolation {unknown}
 p - 3 scrolls of fog {unknown}
 r - a scroll of holy word {unknown}
 v - 3 scrolls of amnesia {unknown}
 C - a scroll of fear {unknown}
 F - a scroll of vulnerability {unknown}
 I - a scroll of summoning {unknown}
Potions
 h - a potion of resistance
 i - a potion of lignification {unknown}
 l - a potion of ambrosia
 q - a potion of flight {unknown}
 s - a potion of might
 w - 2 potions of curing
 z - 2 potions of cancellation {unknown}
 B - a potion of mutation {unknown}
 D - a potion of haste {unknown}


   Skills:
 + Level 10.4 Fighting
 * Level 11.8 Axes
 + Level 10.4 Armour
 + Level 10.4 Shields


You had 11 spell levels left.
You didn't know any spells.
Your spell library contained the following spells:

 Spells                   Type           Power      Damage    Failure   Level
 Summon Small Mammal      Summ           0%         N/A       99%         1
 Call Canine Familiar     Summ           0%         N/A       100%        3
 Gell's Gravitas          Tloc           0%         N/A       100%        3
 Lesser Beckoning         Tloc           0%         N/A       100%        3
 Ozocubu's Armour         Ice            0%         N/A       100%        3
 Portal Projectile        Hex/Tloc       0%         N/A       100%        3
 Summon Guardian Golem    Hex/Summ       0%         N/A       100%        3
 Teleport Other           Tloc           0%         N/A       100%        3
 Leda's Liquefaction      Hex/Erth       0%         N/A       100%        4
 Freezing Cloud           Conj/Ice/Air   0%         6-21      100%        5
 Simulacrum               Ice/Necr       0%         N/A       100%        6
 Ozocubu's Refrigeration  Ice            0%         4d5       100%        7
 Polar Vortex             Ice            0%         N/A       100%        9


Dungeon Overview and Level Annotations

Branches:
Dungeon (11/15)            Temple (1/1) D:7            Lair (0/6) D:8
    Orc (2/2) D:9
    Elf: Orc:2

Altars:
Ashenzari
Cheibriados
Dithmenos
Elyvilon
Fedhas
Gozag
Hepliaklqana
Kikubaaqudgha
Makhleb
Nemelex Xobeh
Okawaru
Qazlal
Sif Muna
Trog
Uskayaw
Vehumet
Wu Jian
Xom
Yredelemnul
Zin
The Shining One

Shops:
D:4 [   Orc:2 :


Innate Abilities, Weirdness & Mutations

You are immune to sickness and miasma.
Your stone body is resilient. (AC +8)
You are immune to poison.
You resist negative energy. (rN+)
You are resistant to electric shocks. (rElec)
You are resistant to unholy torment.
You are immune to petrification.


Message History

You barely miss the orc warlord.
The orc warlord is heavily wounded.
You are no longer berserk.
You are exhausted.
You feel yourself slow down. The orc warlord blocks your attack.
The orc warlord is heavily wounded.
You block the orc warlord's attack. The orc warlord barely misses you.
There is a shaft here.
You fall into a shaft and drop 1 floor!
The shaft crumbles and collapses.
The orc priest shouts!
The orc warrior shouts!
The orc shouts!
The orc warrior shouts!
The orc high priest invokes the aid of Beogh against you.
Beogh smites you!
The orc warrior throws a boomerang of dispersal.
The boomerang of dispersal barely misses you.
The orc wizard casts a spell.
The orc wizard flickers and vanishes!
Deactivating autopickup; reactivate with Ctrl-A.
The orc warrior hits you from afar with a +0 glaive.
The orc priest calls down the wrath of Beogh upon you.
Beogh smites you!
* * * LOW HITPOINT WARNING * * *
The orc warrior hits you from afar with a +0 glaive.
* * * LOW HITPOINT WARNING * * *
Found Ceffisoc's Book Emporium.
It was a potion of curing.
You feel better.
The orc priest invokes the aid of Beogh against you.
Beogh smites you!
* * * LOW HITPOINT WARNING * * *
The orc warrior hits you but does no damage.
The orc high priest mumbles some strange prayers to Beogh.
The orc barely misses you.
The orc warrior hits you from afar with a +0 glaive!
* * * LOW HITPOINT WARNING * * *
You block the orc's attack.
The orc high priest invokes the aid of Beogh against you.
Beogh smites you!
You die...

..o.. #### ..oo ##...#
..##8.8# ##.....##
...#...# #.......###
......... .....o....###
......T..
...3oo......###.....8o8.
....4..o......# #.......
#....oo@# ..##......
##.....## .........o
##...# ......8.8. ####
#.....o. ###########o##
#....#...##o##
##'##.#...##.##
#...#.##'###o##
#...#......o...


You could see an orc high priest, a sixfirhy (summoned), a chaos spawn
(summoned), 2 orc warriors, 2 orc priests and an orc.

Vanquished Creatures
  Josephine (Orc:1)
  4 two-headed ogres
  Urug (Orc:2)
  The ghost of Anonymone the Stinger, a novice DsVM of Vehumet (D:8)
  2 orc knights (Orc:2)
  A deep elf pyromancer (Temple)
  An orc sorcerer (Orc:1)
  Maurice (D:8)
  Psyche (D:8)
  2 trolls (Orc:2)
  A hornet (D:8)
  3 slime creatures (D:9)
  A meliai zombie (D:10)
  Sigmund (D:4)
  3 wraiths
  2 steam dragons
  Grum (D:8)
  4 vampire mosquitoes (D:11)
  6 wargs
  2 water moccasins
  24 orc warriors
  3 black bears
  4 centaurs
  11 ogres
  A necrophage (D:6)
  3 wolves (D:8)
  A phantom (D:7)
  A wyvern zombie (D:8)
  A gnoll sergeant (D:9)
  4 scorpions
  A water moccasin skeleton (D:4)
  12 wights
  2 howler monkeys
  3 centaur zombies
  3 quasits (D:8)
  A jelly (D:5)
  14 orc priests
  3 bullfrog skeletons
  A centaur skeleton (D:6)
  A gnoll shaman (D:4)
  Jessica (D:2)
  4 iguanas
  7 orc wizards
  Terence (D:3)
  A killer bee zombie (D:3)
  Robin (D:4)
  A howler monkey zombie (D:6)
  7 gnolls
  4 adders
  A shadow imp (D:8)
  A white imp (D:5)
  2 ufetubi
  2 dart slugs (D:1)
  82 orcs
  9 ball pythons
  10 endoplasms
  5 giant cockroaches (D:1)
  14 goblins
  8 hobgoblins
  4 kobolds
  4 quokkas
  7 bats
  2 frilled lizards
  8 rats
319 creatures vanquished.

Vanquished Creatures (others)
  2 fungi (D:8)
2 creatures vanquished.

Grand Total: 321 creatures vanquished

Notes
Turn   | Place    | Note
-------+----------+-------------------------------------------
     0 | D:1      | sanboga the Gargoyle Fighter began the quest for the Orb.
     0 | D:1      | Reached XP level 1. HP: 14/14 MP: 1/1
   109 | D:1      | Reached skill level 2 in Axes
   154 | D:1      | Reached XP level 2. HP: 19/19 MP: 2/2
   481 | D:1      | Reached XP level 3. HP: 23/23 MP: 3/3
  1156 | D:2      | Noticed Jessica
  1161 | D:2      | Killed Jessica
  1162 | D:2      | Reached XP level 4. HP: 29/29 MP: 4/4
  1850 | D:3      | Reached skill level 3 in Axes
  1900 | D:3      | Found a faded altar of an unknown god.
  2209 | D:3      | Noticed Terence
  2223 | D:3      | Killed Terence
  2434 | D:3      | Found a sparkling altar of Nemelex Xobeh.
  2542 | D:3      | Reached XP level 5. HP: 33/33 MP: 5/5
  2616 | D:3      | Noticed a black bear
  2625 | D:3      | Killed a black bear
  2975 | D:3      | Reached XP level 6. HP: 25/38 MP: 6/6
  3680 | D:4      | Noticed a black bear
  3690 | D:4      | Killed a black bear
  3691 | D:4      | Reached skill level 4 in Axes
  3824 | D:4      | Noticed Sigmund
  3903 | D:4      | Killed Sigmund
  3904 | D:4      | Reached XP level 7. HP: 32/44 MP: 7/7
  4019 | D:4      | Noticed Robin
  4030 | D:4      | Killed Robin
  4036 | D:4      | Reached skill level 5 in Fighting
  4036 | D:4      | Reached skill level 5 in Armour
  4036 | D:4      | Reached skill level 5 in Shields
  4043 | D:4      | Reached skill level 5 in Axes
  4263 | D:4      | Found Zoemoof's Antique Armour Boutique.
  4807 | D:5      | Entered Level 5 of the Dungeon
  4980 | D:5      | Reached XP level 8. HP: 44/50 MP: 8/8
  5204 | D:5      | Found a shimmering blue altar of Sif Muna.
  5498 | D:6      | Reached skill level 6 in Axes
  5593 | D:6      | HP: 2/51 [steam dragon] (7)]
  5610 | D:6      | Reached XP level 9. HP: 12/56 MP: 9/9
  5873 | D:4      | Bought a glowing cloak for 202 gold pieces
  5993 | D:6      | Reached skill level 7 in Axes
  6450 | D:7      | Found a staircase to the Ecumenical Temple.
  6466 | Temple   | Entered the Ecumenical Temple
  6851 | Temple   | Became a worshipper of Trog the Wrathful
  6925 | D:7      | Noticed a deep elf pyromancer
  7109 | Temple   | Killed a deep elf pyromancer
  7312 | D:7      | Found a glowing golden altar of the Shining One.
  7369 | D:7      | Found a shadowy altar of Dithmenos.
  7544 | D:7      | Reached skill level 8 in Axes
  7736 | D:8      | Found a staircase to the Lair.
  7755 | D:8      | Found a transporter.
  7758 | D:8      | Noticed Anonymone's ghost (novice DsVM)
  7770 | D:8      | Found a transporter.
  7777 | D:8      | Noticed a hornet
  7787 | D:8      | Killed a hornet
  7788 | D:8      | Reached XP level 10. HP: 49/63 MP: 10/10
  7790 | D:8      | Noticed Psyche
  7793 | D:8      | Noticed a two-headed ogre
  7801 | D:8      | Killed a two-headed ogre
  7811 | D:8      | Killed Psyche
  7840 | D:8      | Noticed Maurice
  7855 | D:8      | Killed Maurice
  7923 | D:8      | Reached * piety under Trog
  7987 | D:8      | Reached skill level 9 in Axes
  8360 | D:8      | Noticed Grum
  8387 | D:8      | Killed Grum
  8710 | D:8      | Found a glowing silver altar of Zin.
  8751 | D:8      | You fall into a shaft and drop 3 floors!
  8858 | D:10     | Entered Level 10 of the Dungeon
  9221 | D:8      | Killed Anonymone's ghost
  9222 | D:8      | Reached XP level 11. HP: 62/69 MP: 11/11
  9473 | D:9      | Noticed a two-headed ogre
  9485 | D:9      | Killed a two-headed ogre
  9486 | D:9      | Reached skill level 10 in Axes
  9704 | D:9      | Reached ** piety under Trog
  9769 | D:9      | Found a shimmering altar of Xom.
  9781 | D:9      | Found a staircase to the Orcish Mines.
  9864 | D:9      | Found a radiant altar of Vehumet.
  9866 | D:9      | Found a snail-covered altar of Cheibriados.
 10030 | D:9      | Found a basalt altar of Yredelemnul.
 10289 | Orc:1    | Entered Level 1 of the Orcish Mines
 10370 | Orc:1    | Reached *** piety under Trog
 10665 | Orc:2    | Entered Level 2 of the Orcish Mines
 10782 | Orc:2    | Noticed Josephine
 10846 | Orc:1    | Killed Josephine
 11012 | Orc:2    | Noticed a two-headed ogre
 11023 | Orc:2    | Killed a two-headed ogre
 11023 | Orc:2    | Reached **** piety under Trog
 11024 | Orc:2    | Reached skill level 11 in Axes
 11221 | Orc:2    | Reached skill level 10 in Fighting
 11221 | Orc:2    | Reached XP level 12. HP: 77/77 MP: 12/12
 11245 | Orc:2    | Reached skill level 10 in Armour
 11279 | Orc:2    | Reached skill level 10 in Shields
 11428 | Orc:2    | Noticed Urug
 11449 | Orc:2    | Killed Urug
 11592 | Orc:2    | Noticed a two-headed ogre
 11602 | Orc:2    | Killed a two-headed ogre
 11766 | Orc:2    | Noticed an orc warlord
 11922 | Orc:1    | You fall into a shaft and drop 1 floor!
 11922 | Orc:2    | Noticed an orc high priest
 11922 | Orc:2    | Found Ceffisoc's Book Emporium.
 11923 | Orc:2    | HP: 2/78 [orc warrior/+0 glaive (11)]
 11923 | Orc:2    | Killed from afar by an orc high priest

Illustrated notes

Levels and vault maps discovered:
D:1:      minmay_arrival_split_and_join, layout_loops_ring, minmay_tall_x
D:2:      layout_basic, uniq_jessica
D:3:      layout_basic, nemelex_diamond_rough_becter, basic_ecumenical_altar,
          minmay_goblin_kobold_house, uniq_terence
D:4:      layout_basic, serial_shops, nicolae_take_the_stairs, uniq_sigmund,
          uniq_robin
D:5:      layout_basic, mainiacjoe_overflow_concentric_impassable
D:6:      layout_rooms, chequers_serial_rivers_small_b
D:7:      layout_gridville, tso_metal_star, mainiacjoe_overflow_alcove_1,
          minmay_temple_entry_sparse_star
D:8:      layout_layer_cave, zin_treasury, dpeg_oklobed_lair,
          gammafunk_ghost_stat_death, eino_tiny_chamber, uniq_maurice,
          uniq_grum, uniq_psyche
D:9:      layout_layer_cave, kennysheep_little_box,
          nicolae_overflow_hidden_temple, orc_0_dummy
D:10:     layout_small_grid, mainiacjoe_overflow_six_doors_small,
          kennysheep_generic_room_5
D:11:     layout_irregular_city, serial_shops,
          nicolae_shop_competitors_out_of_business
Temple:   minmay_temple_forest_path
Orc:1:    layout_caves
Orc:2:    pubby_orc_utopia, uniq_josephine, uniq_donald, uniq_urug

Skill      XL: |  1  2  3  4  5  6  7  8  9 10 11 12 |
---------------+-------------------------------------+-----
Axes           | 2 3 4 5 6 8 9 11 | 11.8
Fighting       | 4 5 6 7 8 10 | 10.4
Armour         | 4 5 6 7 8 9 10 | 10.4
Shields        | 4 5 6 7 8 9 10 | 10.4

Action                   |  1- 3 |  4- 6 |  7- 9 | 10-12 || total
-------------------------+-------+-------+-------+-------++-------
Melee: War axe           |    95 |   124 |   317 |   658 ||  1194
Invok: Berserk           |       |       |       |     2 ||     2
  Use: Potion            |       |     1 |     4 |     4 ||     9
       Scroll            |       |     1 |       |     5 ||     6
 Stab: Invisible         |       |       |       |     1 ||     1
Armor: Scale mail        |    15 |       |       |       ||    15
       Chain mail        |    61 |    53 |       |       ||   114
       Plate armour      |       |    23 |   344 |   581 ||   948
       Skin              |       |       |       |    14 ||    14
Dodge: Dodged            |    55 |    50 |   132 |   273 ||   510
Block: Buckler           |    24 |    43 |   107 |   239 ||   413
